[Event "ICC Open 2015"]
[Site "Internet Chess Club"]
[Date "2015.05.29"]
[Round "10"]
[White "Cramagica"]
[Black "franco"]
[Result "0-1"]
[ICCResult "White forfeits on time"]
[WhiteElo "1181"]
[BlackElo "1310"]
[Opening "Bird's opening"]
[ECO "A03"]
[NIC "VO.07"]
[Time "21:20:02"]
[TimeControl "180+0"]

1. f4 d5 2. Nf3 c5 3. e3 Nc6 4. b3 Nf6 5. Bb2 Bg4 6. h3 Bh5 7. g4 Nxg4 8.
hxg4 Bxg4 9. Be2 e5 10. fxe5 Bxf3 11. Bxf3 Be7 12. Qe2 Bh4+ 13. Kd1 h6 14.
Qg2 Qe7 15. Bxd5 O-O-O 16. Be4 Bg5 17. Qg4+ Kb8 18. Na3 Bxe3 19. Ke2 Bxd2
20. Rad1 Nd4+ 21. Bxd4 Rxd4 22. Rxd2 Rhd8 23. Rxd4 Rxd4 24. Nc4 b5 25. Ne3
Qxe5 26. Rd1 Rxe4 27. Rd8+ Kb7 28. Qd7+ Qc7 {White forfeits on time} 0-1

[Event "ICC Open 2015"]
[Site "Internet Chess Club"]
[Date "2015.05.29"]
[Round "10"]
[White "ncc-1701"]
[Black "nihil95"]
[Result "0-1"]
[ICCResult "White checkmated"]
[WhiteElo "2035"]
[BlackElo "1795"]
[Opening "Old Indian defense"]
[ECO "A42"]
[NIC "OI.07"]
[Time "21:20:20"]
[TimeControl "180+0"]

1. d4 d6 2. c4 c6 3. Nc3 g6 4. e4 Bg7 5. f4 Qc7 6. Nf3 Nf6 7. Bd3 O-O 8. O-O
Bg4 9. e5 Bxf3 10. Qxf3 dxe5 11. fxe5 Ne8 12. Qh3 e6 13. Bg5 Na6 14. a3 Qd7
15. Qh4 f6 16. exf6 Nxf6 17. d5 exd5 18. cxd5 Nxd5 19. Nxd5 cxd5 20. Rae1
Rae8 21. Rxf8+ Bxf8 22. Rxe8 Qxe8 23. h3 Bd6 24. Qd4 Bc5 25. Bf6 Bxd4+ 26.
Bxd4 Qe1+ 27. Kh2 Qd2 28. Bxa6 Qxd4 29. Bxb7 Qf4+ 30. Kg1 d4 31. Bf3 Qc1+
32. Kf2 Qxb2+ 33. Kg3 Qc3 34. Kf4 Qe3+ 35. Kg4 d3 36. Bd1 d2 37. h4 Qe1 38.
Bf3 d1=Q 39. a4 Qxf3+ 40. gxf3 Qb4+ 41. Kg5 Qxa4 42. f4 Kg7 43. h5 h6+ 44.
Kg4 g5 45. Kf5 Qxf4+ 46. Ke6 a5 47. Kd7 a4 48. Kc6 a3 49. Kb7 a2 50. Kb6
a1=Q 51. Kc6 Qae5 52. Kd7 Qf7+ 53. Kd8 Qee8# {White checkmated} 0-1

[Event "ICC Open 2015"]
[Site "Internet Chess Club"]
[Date "2015.05.29"]
[Round "10"]
[White "LooneyBinJim"]
[Black "asithink"]
[Result "0-1"]
[ICCResult "White resigns"]
[WhiteElo "1708"]
[BlackElo "2072"]
[Opening "Robatsch (modern) defense"]
[ECO "B06"]
[NIC "KF.06"]
[Time "21:20:01"]
[TimeControl "180+0"]

1. e4 g6 2. Nf3 Bg7 3. d4 c6 4. Bc4 d5 5. exd5 cxd5 6. Bb5+ Bd7 7. Qe2 a6 8.
Bxd7+ Qxd7 9. O-O Nc6 10. Nc3 e6 11. a3 Nxd4 12. Nxd4 Bxd4 13. Be3 Bg7 14.
Rad1 Qc6 15. Bd4 Bxd4 16. Rxd4 Ne7 17. Rfd1 O-O 18. g4 Rac8 19. R4d3 Qc4 20.
Qf3 Nc6 21. Qh3 Ne5 22. Rd4 Qc7 23. f4 Nd7 24. f5 exf5 25. gxf5 Rfe8 26. Rh4
h5 27. fxg6 fxg6 28. Nxd5 Qxc2 29. Rhd4 Qf5 30. Qxf5 gxf5 31. Kf2 Kf7 32.
Nc3 Nf6 33. Rf4 Re5 34. h3 Rg8 35. Rd6 Rc5 36. Rxf6+ Kxf6 37. Ne4+ Ke5 38.
Nxc5 Kxf4 39. Nxb7 Rb8 40. Nc5 Rxb2+ 41. Kg1 Kg3 42. Kf1 f4 43. Ne4+ Kxh3
44. a4 f3 45. a5 Ra2 46. Nf2+ Kg3 47. Ne4+ Kf4 48. Nf2 Rxa5 49. Nh3+ Kg3
{White resigns}
0-1

[Event "ICC Open 2015"]
[Site "Internet Chess Club"]
[Date "2015.05.29"]
[Round "10"]
[White "chesstempo2"]
[Black "Chaos23"]
[Result "0-1"]
[ICCResult "White forfeits on time"]
[WhiteElo "1969"]
[BlackElo "2029"]
[Opening "Old Benoni: Mujannah formation"]
[ECO "A43"]
[NIC "OI.09"]
[Time "21:19:32"]
[TimeControl "180+0"]

1. d4 c5 2. d5 f5 3. c4 g6 4. Nc3 Bg7 5. g3 Bxc3+ 6. bxc3 Qa5 7. Bd2 Nf6 8.
Bg2 d6 9. Nf3 e5 10. O-O O-O 11. Qc2 Kg7 12. Rab1 a6 13. Bg5 h6 14. Bxf6+
Rxf6 15. Nd2 Nd7 16. e4 f4 17. gxf4 Rxf4 18. f3 Nf6 19. Nb3 Qa4 20. Qb2 Nh5
21. Rf2 Rf7 22. Bf1 Nf4 23. Nc1 Bh3 24. Qb3 Qd7 25. Be2 g5 26. Qc2 g4 27.
fxg4 Bxg4 28. Kh1 Kh8 29. Bxg4 Qxg4 30. Nd3 Rg8 31. Nxf4 exf4 32. Qe2 f3 33.
Qe3 Rf4 34. Rbf1 Kh7 35. e5 dxe5 36. Qxe5 Rg7 37. Qe3 Rgf7 38. d6 Qd7 39.
Rxf3 Qc6 40. Kg2 Rg7+ 41. Kh3 Rxf3+ 42. Rxf3 Qxd6 43. Qe4+ Qg6 44. Qxg6+
Kxg6 45. Rg3+ Kf6 46. Rxg7 Kxg7 {White forfeits on time} 0-1

[Event "ICC Open 2015"]
[Site "Internet Chess Club"]
[Date "2015.05.29"]
[Round "10"]
[White "bullbuffalo"]
[Black "siso"]
[Result "0-1"]
[ICCResult "White resigns"]
[WhiteElo "1386"]
[BlackElo "1688"]
[Opening "English orang-utan"]
[ECO "A00"]
[NIC "VO.10"]
[Time "21:19:54"]
[TimeControl "180+0"]

1. b4 Nf6 2. c4 g6 3. Nc3 Bg7 4. e3 d5 5. c5 Ne4 6. Bb2 Nxc3 7. dxc3 O-O 8.
Nf3 c6 9. Bd3 Bg4 10. Qc2 Nd7 11. h4 e5 12. Ng5 e4 13. Be2 Bxe2 14. Qxe2 h6
15. f4 hxg5 16. hxg5 Re8 17. O-O-O a5 18. Rh4 axb4 19. cxb4 Rxa2 20. Rdh1
Rxb2 21. Qxb2 Bxb2+ 22. Kxb2 Kf8 23. Rh8+ Ke7 24. R8h7 Qa8 25. Ra1 Qxa1+ 26.
Kxa1 Ra8+ 27. Kb2 Ra4 28. Kb3 b5 29. g4 Ra1 30. f5 gxf5 31. gxf5 Kf8 32. f6
Kg8 33. Rh3 Ne5 34. Rg3 Rf1 35. Kc2 Rf3 36. Rxf3 Nxf3 37. Kd1 Nxg5 38. Ke2
Nh7 39. Kf2 Nxf6 40. Kg3 Kg7 41. Kf4 Nd7 42. Kf5 Kf8 43. Kf4 Ke7 44. Kf5 f6
45. Kf4 Ke6 46. Kg4 Ne5+ 47. Kf4 Nd3+ 48. Kg4 Nxb4 49. Kf4 Na6 {White
resigns} 0-1

[Event "ICC Open 2015"]
[Site "Internet Chess Club"]
[Date "2015.05.29"]
[Round "10"]
[White "croder"]
[Black "gioachino82"]
[Result "0-1"]
[ICCResult "White checkmated"]
[WhiteElo "1516"]
[BlackElo "1487"]
[Opening "Pirc: classical (two knights) system"]
[ECO "B08"]
[NIC "PU.10"]
[Time "21:20:17"]
[TimeControl "180+0"]

1. e4 d6 2. Nc3 Nf6 3. d4 g6 4. Nf3 Bg7 5. Bd3 O-O 6. Be3 c6 7. Qd2 e5 8. d5
cxd5 9. Nxd5 Nxd5 10. exd5 f5 11. Ng1 f4 12. O-O-O fxe3 13. fxe3 Nd7 14. e4
Nc5 15. Kb1 Nxd3 16. cxd3 Qb6 17. h3 Rf2 18. Ne2 Bh6 19. Qc2 Bd7 20. Rhe1
Rc8 21. Qb3 Qxb3 22. axb3 Bb5 23. Nc3 Ba6 24. Rg1 Be3 25. g4 Bd4 26. h4 Bxc3
27. bxc3 Rxc3 28. g5 Rxb3+ 29. Ka1 Ra3+ 30. Kb1 Bxd3+ 31. Rxd3 Rxd3 32. h5
Rdd2 33. hxg6 hxg6 34. Re1 b5 35. Kc1 b4 36. Re3 Ra2 37. Kb1 Rae2 38. Rxe2
Rxe2 39. Kc1 a5 40. Kd1 Rg2 41. Kc1 a4 42. Kb1 a3 43. Ka1 b3 44. Kb1 Rg1#
{White checkmated}
0-1

[Event "ICC Open 2015"]
[Site "Internet Chess Club"]
[Date "2015.05.29"]
[Round "10"]
[White "DropZone"]
[Black "jonesey"]
[Result "1-0"]
[ICCResult "Black forfeits on time"]
[WhiteElo "2101"]
[BlackElo "1919"]
[Opening "Queen's pawn game"]
[ECO "A46"]
[NIC "QP.06"]
[Time "21:20:14"]
[TimeControl "180+0"]

1. d4 Nf6 2. Nf3 c5 3. c3 b6 4. dxc5 bxc5 5. e4 d6 6. e5 dxe5 7. Qxd8+ Kxd8
8. Nxe5 Be6 9. Be2 Nbd7 10. Bf3 Rc8 11. Nc6+ Ke8 12. Nxa7 Rc7 13. Nb5 Rc8
14. Bf4 Bc4 15. N1a3 e5 16. Nxc4 exf4 17. Ncd6+ Bxd6 18. Nxd6+ Ke7 19. Nxc8+
Rxc8 20. O-O Kf8 21. Rfe1 c4 22. h3 Nc5 23. Re2 Rb8 24. Rb1 Na4 25. Rc2 Ke7
26. b3 Nc5 27. b4 {Black forfeits on time} 1-0

[Event "ICC Open 2015"]
[Site "Internet Chess Club"]
[Date "2015.05.29"]
[Round "10"]
[White "Hareaum"]
[Black "olimpioMD"]
[Result "1-0"]
[ICCResult "Black resigns"]
[WhiteElo "1730"]
[BlackElo "1403"]
[Opening "Queen's pawn, Mason variation"]
[ECO "D00"]
[NIC "QP.08"]
[Time "21:20:16"]
[TimeControl "180+0"]

1. d4 d5 2. Bf4 Nf6 3. e3 Bf5 4. Nf3 e6 5. Bd3 Bg4 6. h3 Bh5 7. g4 Nxg4 8.
hxg4 Bxg4 9. Rg1 h5 10. Be2 Bf5 11. Bd3 Bg4 12. Be2 Bf5 13. Nbd2 Bb4 14. c3
Ba5 15. Nb3 Bb6 16. Bd3 Bg4 17. Be2 Bf5 18. Bg3 Nc6 19. Nh4 Bh7 20. Bd3 Qf6
21. Bxh7 Rxh7 22. Qf3 Qe7 23. Qg2 O-O-O 24. O-O-O g5 25. Nf3 h4 26. Bh2 f6
27. Nfd2 Kb8 28. e4 Na5 29. Nxa5 Bxa5 30. exd5 Rxd5 31. Rge1 Rd7 32. Nb3 Bb6
33. f3 Ka8 34. Qh3 a6 35. Qxe6 Qxe6 36. Rxe6 Rde7 37. Rde1 Rxe6 38. Rxe6 f5
39. Rg6 g4 40. fxg4 fxg4 41. Rxg4 h3 42. Nd2 Rf7 43. Ne4 Rf1+ 44. Kc2 Rh1
45. Be5 h2 46. Rh4 a5 47. Rxh2 Rxh2+ 48. Bxh2 Kb8 49. Be5 Kc8 50. Nc5 Bxc5
51. dxc5 c6 52. b4 a4 53. a3 Kd7 54. c4 Ke6 55. Bc7 Kf5 56. Kd3 Ke6 57. Kd4
Kf5 58. b5 cxb5 59. cxb5 Ke6 60. c6 bxc6 61. bxc6 Ke7 62. Bg3 Kd8 63. Kc5
Kc8 64. Kb5 {Black resigns} 1-0

[Event "ICC Open 2015"]
[Site "Internet Chess Club"]
[Date "2015.05.29"]
[Round "10"]
[White "MasterZachary"]
[Black "mmf00"]
[Result "1-0"]
[ICCResult "Black checkmated"]
[WhiteElo "2242"]
[BlackElo "1940"]
[Opening "French: Winawer (Nimzovich) variation"]
[ECO "C15"]
[NIC "FR.08"]
[Time "21:19:34"]
[TimeControl "180+0"]

1. e4 e6 2. d4 d5 3. Nc3 Bb4 4. exd5 exd5 5. Bd3 Nc6 6. a3 Bxc3+ 7. bxc3
Nge7 8. Nf3 Bf5 9. O-O O-O 10. Bxf5 Nxf5 11. Qd3 Nd6 12. Ng5 g6 13. Qh3 h5
14. f4 Qc8 15. Qd3 Qf5 16. Rb1 b6 17. h3 Na5 18. Qxf5 Nxf5 19. g4 hxg4 20.
hxg4 Nd6 21. f5 Nac4 22. f6 Rfe8 23. Kf2 Ne4+ 24. Nxe4 Rxe4 25. Kf3 Rae8 26.
Rh1 Re1 27. Bh6 Rxb1 28. Rxb1 Nxa3 29. Rh1 Nc4 30. Bg7 Re3+ 31. Kf2 Rxc3 32.
Rh8# {Black checkmated} 1-0

[Event "ICC Open 2015"]
[Site "Internet Chess Club"]
[Date "2015.05.29"]
[Round "10"]
[White "eltigrecu"]
[Black "seriosha"]
[Result "0-1"]
[ICCResult "White resigns"]
[WhiteElo "2016"]
[BlackElo "2167"]
[Opening "Trompowsky attack (Ruth, Opocenský opening)"]
[ECO "A45"]
[NIC "QP.07"]
[Time "21:19:39"]
[TimeControl "180+0"]

1. d4 Nf6 2. Bg5 e6 3. e4 h6 4. Bxf6 Qxf6 5. Nc3 Bb4 6. Nf3 O-O 7. Bd3 d6 8.
O-O Bxc3 9. bxc3 Nc6 10. Re1 e5 11. d5 Ne7 12. h3 Ng6 13. Bf1 Bd7 14. g3 b6
15. a4 a5 16. c4 Qe7 17. h4 f5 18. h5 fxe4 19. Rxe4 Qf6 20. Bg2 Qf5 21. Qd3
Qxh5 22. Qe2 Bg4 23. Rxg4 Qxg4 24. Ra3 Rf6 25. Re3 Qd7 26. Kh2 Qxa4 27. Bh3
Raf8 28. Be6+ Kh8 29. Kg2 e4 30. Rxe4 Rxf3 31. Qxf3 Rxf3 32. Kxf3 Qxc2 33.
Bf5 Ne5+ 34. Rxe5 Qd1+ 35. Re2 g6 36. Bxg6 a4 37. Bc2 Qa1 38. Re7 a3 39. Kg2
Qb2 40. Rh7+ Kg8 41. Bf5 a2 42. Rxc7 a1=Q 43. Be6+ Kf8 44. Rf7+ Ke8 45. Rf3
Qbc1 46. Bf7+ Ke7 47. Kh3 Qh1+ 48. Kg4 Qg7+ 49. Bg6 Qxg6+ 50. Kf4 Qf6+ 51.
Ke3 Qhxf3+ 52. Kd2 Qb2+ {White resigns} 0-1

[Event "ICC Open 2015"]
[Site "Internet Chess Club"]
[Date "2015.05.29"]
[Round "10"]
[White "Anneay"]
[Black "santiagoelawad"]
[Result "1-0"]
[ICCResult "Black forfeits on time"]
[WhiteElo "2477"]
[BlackElo "2060"]
[Opening "Caro-Kann: two knights, 3...Bg4"]
[ECO "B11"]
[NIC "CK.01"]
[Time "21:19:52"]
[TimeControl "180+0"]

1. e4 c6 2. Nc3 d5 3. Nf3 Bg4 4. h3 Bxf3 5. Qxf3 e6 6. d3 Nf6 7. Bd2 Be7 8.
g4 Na6 9. g5 Nd7 10. Qg3 Qb6 11. O-O-O O-O-O 12. Kb1 Ndc5 13. Ka1 Qc7 14. f4
Nb4 15. Kb1 f6 16. h4 f5 17. exf5 exf5 18. g6 Bf6 19. a3 Nba6 20. Bh3 hxg6
21. Qxg6 Kb8 22. h5 Ne6 23. Qxf5 Nd4 24. Qg4 Nc5 25. f5 Ka8 26. Rde1 Qf7 27.
Bg2 Rde8 28. Be3 Rxe3 29. Rxe3 Nd7 30. Ne2 Nxe2 31. Qxe2 a6 32. Bf3 Bg5 33.
Re6 Nc5 34. Rg6 Qxf5 35. Rg1 Rf8 36. R6xg5 Qxf3 37. Qxf3 Rxf3 38. Rxg7 Rh3
39. Rh7 Ne6 40. h6 Nf4 41. Rh8+ Ka7 42. h7 Ne2 43. Re1 {Black forfeits on
time} 1-0

[Event "ICC Open 2015"]
[Site "Internet Chess Club"]
[Date "2015.05.29"]
[Round "10"]
[White "Supermodel"]
[Black "Womacka"]
[Result "0-1"]
[ICCResult "White resigns"]
[WhiteElo "2219"]
[BlackElo "2452"]
[Opening "Bogo-Indian defense"]
[ECO "E11"]
[NIC "QI.01"]
[Time "21:20:22"]
[TimeControl "180+0"]

1. d4 Nf6 2. c4 e6 3. Nf3 Bb4+ 4. Bd2 c5 5. g3 Qb6 6. Nc3 cxd4 7. Nb5 Bxd2+
8. Qxd2 a6 9. Nbxd4 Ne4 10. Qc2 Qb4+ 11. Nd2 d5 12. cxd5 Qxd4 13. Qxe4 Qxb2
14. Rb1 Qc3 15. dxe6 O-O 16. exf7+ Rxf7 17. Qc4 Qxc4 18. Nxc4 Be6 19. Nb6
Ra7 20. a3 Nd7 21. Nc8 Ra8 22. Nd6 Rf6 23. Bg2 Nc5 24. O-O Rd8 25. Nxb7 Nxb7
26. Rxb7 Rd2 27. Rc1 Rxe2 28. Rcc7 Re1+ 29. Bf1 Bh3 30. Rb8+ Rf8 {White
resigns} 0-1

[Event "ICC Open 2015"]
[Site "Internet Chess Club"]
[Date "2015.05.29"]
[Round "10"]
[White "jmkchess"]
[Black "vincentparagas"]
[Result "0-1"]
[ICCResult "White resigns"]
[WhiteElo "1851"]
[BlackElo "1665"]
[Opening "Gedult's opening"]
[ECO "A00"]
[Time "21:20:00"]
[TimeControl "180+0"]

1. f3 e6 2. d4 d5 3. e4 c5 4. dxc5 Bxc5 5. exd5 Qb6 6. Nh3 exd5 7. Nc3 Bxh3
8. gxh3 Bf2+ 9. Ke2 Nc6 10. Bg2 O-O-O 11. f4 Re8+ 12. Kf1 Re1+ 13. Qxe1 Bxe1
14. Kxe1 Nf6 15. Bd2 Re8+ 16. Kd1 Qf2 17. Bf1 Qf3+ 18. Ne2 Rxe2 19. Bxe2
Qxh1+ 20. Be1 Ne4 21. c3 Qxh2 22. Bf3 Qxf4 23. Bxe4 Qxe4 24. Bd2 Ne5 25. b3
f5 26. Kc1 f4 27. Kb2 Qe2 28. Rf1 Qxd2+ 29. Ka3 Nd3 30. Rf3 a6 31. Rxd3 Qxd3
{White resigns}
0-1

[Event "ICC Open 2015"]
[Site "Internet Chess Club"]
[Date "2015.05.29"]
[Round "10"]
[White "Capaman"]
[Black "Youko-Kurama"]
[Result "0-1"]
[ICCResult "White forfeits on time"]
[WhiteElo "1992"]
[BlackElo "1983"]
[Opening "Sicilian: Kan, Maróczy bind (Réti variation)"]
[ECO "B41"]
[NIC "SI.41"]
[Time "21:20:15"]
[TimeControl "180+0"]

1. e4 c5 2. Nf3 e6 3. d4 cxd4 4. Nxd4 a6 5. c4 Qc7 6. Bd3 Nf6 7. O-O Bc5 8.
Nc2 b6 9. Nc3 Bb7 10. Be3 Be7 11. f4 d6 12. Rc1 Nbd7 13. Qe2 O-O 14. Kh1
Rac8 15. b3 Rfe8 16. Nd4 Nc5 17. Bb1 Ncxe4 18. Nxe4 Nxe4 19. Bg1 Nf6 20. Rc3
d5 21. Rh3 dxc4 22. bxc4 Qxc4 23. Bd3 Qd5 24. Nf3 Bc5 25. Bxa6 Bxg1 26. Bxb7
Qxb7 27. Rxg1 Rc5 28. Ne5 Rec8 29. Rd3 Qe4 30. Qd2 Nd5 31. Rd4 Rc2 32. Rxe4
Rxd2 33. Nd7 Rcc2 34. Ra4 g6 35. Ne5 Rxa2 36. Rc4 Rdc2 37. Rd4 h5 38. h3 b5
39. f5 gxf5 {White forfeits on time} 0-1

[Event "ICC Open 2015"]
[Site "Internet Chess Club"]
[Date "2015.05.29"]
[Round "10"]
[White "BlackHorse96"]
[Black "olimpus"]
[Result "1-0"]
[ICCResult "Black resigns"]
[WhiteElo "3282"]
[BlackElo "2739"]
[Opening "Modern defense"]
[ECO "A40"]
[NIC "QO.17"]
[Time "21:20:25"]
[TimeControl "180+0"]

1. d4 g6 2. Nc3 Bg7 3. Bf4 d6 4. Qd2 a6 5. h4 h5 6. Nf3 b5 7. e4 Bb7 8. Ng5
Nf6 9. a3 e6 10. O-O-O Nbd7 11. Bd3 Nb6 12. Rhe1 Nc4 13. Bxc4 bxc4 14. Qe2
Qd7 15. Qxc4 O-O 16. f3 a5 17. Rg1 Ba6 18. Qa4 c6 19. g4 hxg4 20. fxg4 Bb5
21. Nxb5 cxb5 22. Qb3 a4 23. Qf3 b4 24. h5 bxa3 25. Qxa3 Rfc8 26. hxg6 fxg6
27. Qxd6 a3 28. Qxd7 Nxd7 29. bxa3 Rxa3 30. Nxe6 Ra2 31. Rg2 Nf6 32. Nxg7
Nxe4 33. Rd3 Kxg7 34. Be5+ Kf7 35. d5 Rc5 36. Rh2 g5 37. d6 Rxe5 38. d7 Rb5
39. Kd1 Rb1+ 40. Ke2 Rxc2+ 41. Ke3 Re1+ 42. Kd4 Rxh2 43. d8=Q Nf6 44. Qc7+
Kg6 45. Qxh2 {Black resigns} 1-0

[Event "ICC Open 2015"]
[Site "Internet Chess Club"]
[Date "2015.05.29"]
[Round "10"]
[White "warlord1"]
[Black "JobbyleHut"]
[Result "1-0"]
[ICCResult "Black forfeits on time"]
[WhiteElo "1560"]
[BlackElo "1403"]
[Opening "Queen's Pawn"]
[ECO "B07"]
[NIC "QO.17"]
[Time "21:20:21"]
[TimeControl "180+0"]

1. d4 d6 2. e4 e5 3. dxe5 Nc6 4. exd6 Bxd6 5. Nf3 Be6 6. a3 Qe7 7. Nbd2 Rd8
8. Bd3 f5 9. Qe2 fxe4 10. Nxe4 Nf6 11. Nxd6+ Rxd6 12. O-O O-O 13. Bg5 Bg4
14. Qxe7 Nxe7 15. Ne5 Be6 16. f4 h6 17. Bh4 Bf5 18. Bc4+ Kh7 19. Bb3 Rd2 20.
Rac1 Be4 21. Rf2 Rxf2 22. Bxf2 Nfd5 23. g3 g5 24. c4 Nf6 25. fxg5 hxg5 26.
Bc2 Bxc2 27. Rxc2 Ne4 28. Bd4 c5 29. Bc3 Nxc3 30. Rxc3 Ng6 31. Nd7 Rd8 32.
Nxc5 Rd2 33. b4 Rc2 34. Rxc2 {Black forfeits on time} 1-0

[Event "ICC Open 2015"]
[Site "Internet Chess Club"]
[Date "2015.05.29"]
[Round "10"]
[White "receipt"]
[Black "rookfish"]
[Result "1-0"]
[ICCResult "Black forfeits on time"]
[WhiteElo "1099"]
[BlackElo "1050"]
[Opening "Queen's pawn game, Chigorin variation"]
[ECO "A04"]
[NIC "QP.11"]
[Time "21:20:05"]
[TimeControl "180+0"]

1. Nf3 Nc6 2. d4 d5 3. c4 dxc4 4. e4 e5 5. d5 Nd4 6. Nxe5 Bb4+ 7. Nd2 Qd6 8.
Nxc4 Bxd2+ 9. Bxd2 Qc5 10. b4 Qe7 11. Bd3 Nf6 12. f3 Nh5 13. Bc3 Nb5 14. Bb2
O-O 15. a4 Qh4+ 16. Kd2 Qf2+ 17. Kc1 Qh4 18. axb5 a6 19. bxa6 bxa6 20. Na5
c5 21. bxc5 Nf4 22. Bf1 Qg5 23. Qd2 Rb8 24. Be5 Rb5 25. Bxf4 Rxc5+ 26. Kd1
Qf6 27. e5 Qb6 28. Nc6 Qb3+ 29. Ke1 Rc2 30. Qe3 Rc3 31. Qe2 Bf5 32. Qa2 Re3+
33. Bxe3 Qxe3+ 34. Qe2 Qc3+ 35. Kf2 Qxa1 36. d6 Qc3 37. g4
{Black forfeits on time}
1-0

[Event "ICC Open 2015"]
[Site "Internet Chess Club"]
[Date "2015.05.29"]
[Round "10"]
[White "yaguaro"]
[Black "waynehatcher"]
[Result "1-0"]
[ICCResult "Black forfeits on time"]
[WhiteElo "2053"]
[BlackElo "1707"]
[Opening "French: Rubinstein variation"]
[ECO "C10"]
[NIC "FR.04"]
[Time "21:20:05"]
[TimeControl "180+0"]

1. e4 e6 2. d4 d5 3. Nc3 dxe4 4. f3 Nf6 5. fxe4 Be7 6. Nf3 b6 7. e5 Nd5 8.
Bd3 c5 9. dxc5 bxc5 10. Bb5+ Bd7 11. Bxd7+ Qxd7 12. Ne4 Nc6 13. O-O h6 14.
Qe2 Qc7 15. Ng3 Rd8 16. c4 Nb6 17. Be3 Nd4 18. Bxd4 cxd4 19. b3 d3 20. Qe4
O-O 21. Rad1 Qc5+ 22. Kh1 Rd7 23. Rxd3 Rfd8 24. Rxd7 Rxd7 25. h3 Qc7 26. Nh5
Kh8 27. Qg4 Bf8 28. Ng3 Nc8 29. Ne4 Ne7 30. Ng3 Nc6 31. Qe4 Qc8 32. Re1 Ne7
33. Qf4 Ng6 34. Qe4 Qc7 35. Nh4 Nxh4 36. Qxh4 Kg8 37. Qg4 Qc5 38. Nh5 f5 39.
exf6 Kf7 40. fxg7 Qxh5 41. g8=Q+ Ke8 42. Qxh5+ {Black forfeits on time} 1-0

[Event "ICC Open 2015"]
[Site "Internet Chess Club"]
[Date "2015.05.29"]
[Round "10"]
[White "FedoseevVl95"]
[Black "depressnyak"]
[Result "0-1"]
[ICCResult "White resigns"]
[WhiteElo "3087"]
[BlackElo "3225"]
[Opening "Sicilian: Pelikan, Chelyabinsk variation"]
[ECO "B33"]
[NIC "SI.37"]
[Time "21:19:38"]
[TimeControl "180+0"]

1. e4 c5 2. Nf3 Nc6 3. d4 cxd4 4. Nxd4 Nf6 5. Nc3 e5 6. Ndb5 d6 7. Bg5 a6 8.
Na3 b5 9. Nd5 Be7 10. Bxf6 Bxf6 11. c4 b4 12. Nc2 O-O 13. g3 a5 14. h4 Be6
15. Bg2 g6 16. O-O Bg7 17. Qd2 Rc8 18. Rad1 Kh8 19. b3 f5 20. exf5 gxf5 21.
f4 e4 22. Nde3 Qf6 23. Bh3 Rcd8 24. Kh2 Qf7 25. Qe2 Ne7 26. Nd4 d5 27. Nxe6
Qxe6 28. cxd5 Nxd5 29. Qc4 Nxe3 30. Qxe6 Nxd1 31. Re1 Rd2+ 32. Bg2 Nf2 33.
Qc4 Ng4+ 34. Kh1 Rxa2 35. Qc5 a4 36. bxa4 b3 37. Rb1 b2 38. Bf1 Ra1 39. Rxb2
Rxf1+ 40. Kg2 Ra1 41. Rb7 Ra2+ 42. Kf1 Nh2+ 43. Kg1 Nf3+ 44. Kf1 h6 45. Rxg7
Kxg7 46. Qc3+ Rf6 47. a5 Nh2+ 48. Kg1 Nf3+ 49. Kf1 h5 50. Qc7+ Rf7 51. Qc3+
Kh7 52. Qc4 Nd2+ 53. Ke1 Nxc4 54. g4 Rb7 {White resigns} 0-1

[Event "ICC Open 2015"]
[Site "Internet Chess Club"]
[Date "2015.05.29"]
[Round "10"]
[White "BlitzorDDD"]
[Black "Shadeath"]
[Result "1-0"]
[ICCResult "Black checkmated"]
[WhiteElo "3166"]
[BlackElo "2943"]
[Opening "QGD Slav: 3.Nf3"]
[ECO "D11"]
[NIC "QP.09"]
[Time "21:20:13"]
[TimeControl "180+0"]

1. Nf3 d5 2. c4 c6 3. d4 Nf6 4. Qc2 g6 5. Bf4 Bg7 6. e3 O-O 7. Be2 Bf5 8.
Qc1 Nbd7 9. O-O Rc8 10. Nc3 dxc4 11. Bxc4 c5 12. Bb3 Bg4 13. Ne5 cxd4 14.
exd4 Bf5 15. Bh6 Nb6 16. Rd1 Nbd5 17. Bxg7 Kxg7 18. Bxd5 Nxd5 19. Qd2 Nxc3
20. bxc3 Qc7 21. Rac1 f6 22. Nd3 Rfd8 23. Qe3 b6 24. c4 Qd6 25. d5 e6 26.
Nf4 e5 27. Ne2 Qc5 28. Qd2 b5 29. Ng3 bxc4 30. Nxf5+ gxf5 31. d6 Rd7 32. Rc3
f4 33. Qe2 Rcd8 34. Rxc4 Rxd6 35. Re1 Qd5 36. Rc7+ R8d7 37. Qg4+ Kh6 38.
Qh4+ Kg6 39. Qg4+ Kf7 40. Rxd7+ Rxd7 41. g3 Qe6 42. Qh5+ Kg8 43. gxf4 Rg7+
44. Kh1 Qd5+ 45. f3 Qd2 46. Qe8# {Black checkmated} 1-0

[Event "ICC Open 2015"]
[Site "Internet Chess Club"]
[Date "2015.05.29"]
[Round "10"]
[White "truufseir"]
[Black "zenit"]
[Result "0-1"]
[ICCResult "White forfeits on time"]
[WhiteElo "1571"]
[BlackElo "2065"]
[Opening "Caro-Kann: advance variation"]
[ECO "B12"]
[NIC "CK.04"]
[Time "21:19:52"]
[TimeControl "180+0"]

1. e4 c6 2. d4 d5 3. e5 Bf5 4. h4 h5 5. Nf3 e6 6. Bg5 Qb6 7. b3 c5 8. Be3
Nc6 9. dxc5 Bxc5 10. Bxc5 Qxc5 11. c4 dxc4 12. Bxc4 Nxe5 13. O-O Ne7 14.
Nxe5 Qxe5 15. Qf3 O-O 16. Nc3 Nc6 17. Nb5 Bg4 18. Qd3 Rfd8 19. Qc2 a6 20.
Nc3 Nd4 21. Qe4 Qf6 22. a4 g6 23. f3 Bf5 24. Qf4 e5 25. Nd5 Rxd5 26. Qg3 Rc5
27. f4 Rxc4 28. bxc4 Ne2+ 29. Kf2 Nxg3 30. Kxg3 exf4+ 31. Rxf4 Qe5 32. Rf1
Rd8 33. Kh2 Rd2 34. Kg1 Qe3+ 35. R4f2 Rxf2 36. Rxf2 Kg7 {White forfeits on
time} 0-1

[Event "ICC Open 2015"]
[Site "Internet Chess Club"]
[Date "2015.05.29"]
[Round "10"]
[White "Ira57"]
[Black "Parsifal"]
[Result "0-1"]
[ICCResult "White forfeits on time"]
[WhiteElo "1892"]
[BlackElo "2404"]
[Opening "Queen's Pawn"]
[ECO "A41"]
[NIC "QO.17"]
[Time "21:19:42"]
[TimeControl "180+0"]

1. d4 d6 2. Nf3 g6 3. e3 Bg7 4. b3 Nf6 5. Bb2 O-O 6. Be2 Nbd7 7. O-O e5 8.
dxe5 Ng4 9. Nbd2 Qe8 10. Nc4 Ndxe5 11. Nfxe5 Nxe5 12. Nxe5 Bxe5 13. Bxe5
dxe5 14. Qd5 c6 15. Qa5 Bf5 16. Bd3 e4 17. Be2 Qe7 18. Rfd1 b6 19. Qc3 c5
20. Rd2 Rfd8 21. Rad1 h5 22. h3 h4 23. Rxd8+ Rxd8 24. Rxd8+ Qxd8 25. Qe5 Qd7
26. Bc4 b5 27. Bd5 Kh7 28. Bxe4 f6 29. Qf4 Bxe4 30. Qxh4+ Kg7 31. Qxe4 b4
32. Kh2 Qd2 33. Kg3 Kh6 34. Qh4+ Kg7 35. Qe4 Qc3 36. Qd3 Qe5+ 37. Kf3 Qe6
38. Qe4 Qd7 39. Qc4 Qf5+ 40. Ke2 a5 41. Qd3 Qe6 42. Qc4 Qd6 43. Qe4 Qd7 44.
Qc4 Qd6 45. Qe4 Qc7 46. Qc4 f5 47. Qd5 Qe7 48. Qc4 Kf6 49. Qd3 Kg5 50. Qc4
Kh6 {White forfeits on time} 0-1

[Event "ICC Open 2015"]
[Site "Internet Chess Club"]
[Date "2015.05.29"]
[Round "10"]
[White "BigSerge"]
[Black "PITCHUS"]
[Result "1-0"]
[ICCResult "Black resigns"]
[WhiteElo "1945"]
[BlackElo "1749"]
[Opening "Caro-Kann: Tartakower (fantasy) variation"]
[ECO "B12"]
[NIC "CK.02"]
[Time "21:20:16"]
[TimeControl "180+0"]

1. e4 c6 2. d4 d5 3. f3 dxe4 4. fxe4 e5 5. Nf3 exd4 6. Bc4 Be6 7. Bxe6 fxe6
8. Qxd4 Qxd4 9. Nxd4 e5 10. Ne6 Na6 11. O-O Nf6 12. Nc3 Bc5+ 13. Kh1 Kf7 14.
Ng5+ Kg6 15. Nf3 Rhe8 16. a3 Bd6 17. Nh4+ Kf7 18. Nf5 Bf8 19. Bg5 Nc5 20. b4
Ncxe4 21. Nxe4 Nxe4 22. Nd6+ Kg6 23. Nxe4 Be7 24. Bxe7 Rxe7 25. Rad1 h6 26.
Rd6+ Kh7 27. h3 a5 28. Rfd1 axb4 29. axb4 Ra2 30. c3 Re2 31. Ng3 Re3 32.
R1d3 Re1+ 33. Kh2 e4 34. Rd2 e3 35. Re2 Rc1 36. Rd3 b6 37. Rdxe3 Rc7 38. Rd3
c5 39. Ne4 cxb4 40. cxb4 R1c4 41. Rb3 Kg6 42. Nd6 Rf4 43. Re6+ Kh7 44. Rg3
Rd7 45. Reg6 Rxb4 46. Ne8 Re4 47. Nxg7 b5 48. Nh5 b4 49. Nf6+ {Black
resigns} 1-0